 Dungeon Crawl Stone Soup version 0.27-a0-597-g524d869a0f (webtiles) character file.

Game seed: 8349432132647212874

618 siradein the Magician (level 7, -3/36 HPs)
             Began as a Deep Elf Summoner on Mar 11, 2021.
             Was an Initiate of Gozag.
             Slain by a bullfrog (7 damage)
             ... on level 5 of the Dungeon.
             The game lasted 00:31:10 (8238 turns).

siradein the Magician (Deep Elf Summoner)           Turns: 8238, Time: 00:31:11

Health: -3/36      AC:  4    Str:  5    XL:     7   Next: 21%
Magic:  14/20      EV: 12    Int: 22    God:    Gozag
Gold:   420        SH:  0    Dex: 15    Spells: 8/21 levels left

rFire    . . .     SeeInvis .   i - +1 quarterstaff (vorpal)
rCold    . . .     Faith    .   (shield currently unavailable)
rNeg     . . .     Spirit   .   a - +0 robe
rPois    .         Reflect  .   s - +0 helmet
rElec    .         Harm     .   m - +0 cloak
rCorr    .         Rampage  .   (no gloves)
Will     .....                  (no boots)
Stlth    ++........             (no amulet)
HPRegen  0.12/turn              (no ring)
MPRegen  0.17/turn              (no ring)

@: no status effects
A: no striking features
a: Renounce Religion, Potion Petition, Call Merchant, Bribe Branch


You were on level 5 of the Dungeon.
You worshipped Gozag.
Gozag was aware of your devotion.
You visited 1 branch of the dungeon, and saw 6 of its levels.

You collected 490 gold pieces.
You paid 70 gold pieces to Gozag.

Inventory:

Hand Weapons
 f - a +2 dagger of freezing
 i - a +1 vorpal quarterstaff (weapon)
Armour
 a - a +0 robe (worn)
 m - a +0 cloak (worn)
 s - a +0 helmet (worn)
Jewellery
 k - a ring of protection from cold
 w - a ring of positive energy
Scrolls
 b - 5 scrolls of teleportation {unknown}
 d - 2 scrolls of fog
 l - 2 scrolls of amnesia {unknown}
 o - a scroll of immolation {unknown}
 v - a scroll of enchant armour {unknown}
Potions
 c - 3 potions of heal wounds {unknown}
 e - a potion of ambrosia
 g - a potion of haste
 h - a potion of invisibility
 j - a potion of might
 n - a potion of mutation {unknown}
 p - 2 potions of curing
 q - a potion of resistance {unknown}
 r - 2 potions of berserk rage {unknown}
 t - a potion of degeneration {unknown}
 u - a potion of brilliance {unknown}
 x - a potion of lignification {unknown}


   Skills:
 - Level 2.4 Dodging
 - Level 2.4 Stealth
 + Level 7.8 Spellcasting
 + Level 7.5 Summonings


You had 8 spell levels left.
You knew the following spells:

 Your Spells              Type           Power      Damage    Failure   Level
a - Summon Small Mammal   Summ           100%       N/A       1%          1
b - Call Imp              Summ           41%        N/A       1%          2
c - Call Canine Familiar  Summ           41%        N/A       1%          3
d - Summon Guardian Gole  Hex/Summ       25%        N/A       4%          3
e - Summon Ice Beast      Ice/Summ       25%        N/A       16%         4

Your spell library contained the following spells:

 Spells                   Type           Power      Damage    Failure   Level
 Summon Lightning Spire   Summ/Air       25%        N/A       16%         4


Dungeon Overview and Level Annotations

Branches:
Dungeon (6/15)
 Temple: D:4-7

Altars:
Cheibriados
Elyvilon
Gozag
Qazlal
Ru
Vehumet
Wu Jian
Yredelemnul
The Shining One


Message History

The bullfrog hits you but does no damage.
The bullfrog completely misses you. The gnoll misses you.
There is a stone staircase leading up, spattered with blood here.
The bullfrog hits you but does no damage.
The gnoll hits you but does no damage.
You climb upwards.
There is a stone staircase leading down here.
The bullfrog hits you. The bullfrog barely misses you.
The gnoll hits you with a +0 club. The bullfrog hits you.
The gnoll closely misses you. The bullfrog misses you.
Casting: Call Canine Familiar (safe; 1% risk of failure)
Confirm with . or Enter, or press ? or * to list all spells.
The bullfrog hits you. The gnoll barely misses you.
Your hound bites the gnoll.
The bullfrog hits you but does no damage.
Casting: Call Imp (safe; 1% risk of failure)
Press: ? - help, Q - select action, (/) - cycle Dir - look around, f - activate A metallic apparition takes form in the air.
The bullfrog hits you.
The gnoll hits your iron imp but does no damage.
Your hound bites the gnoll.
The bullfrog closely misses you.
Your hound bites the gnoll.
The gnoll hits your iron imp with a +0 club.
Your hound bites the gnoll.
Casting: Call Imp (safe; 1% risk of failure)
Press: ? - help, Q - select action, (/) - cycle Dir - look around, f - activate A beastly little devil appears in a puff of flame.
The bullfrog hits you. The gnoll closely misses your iron imp.
The bullfrog hits you!
* * * LOW HITPOINT WARNING * * *
The gnoll hits your hound with a +0 club!
Your hound bites the gnoll but does no damage.
The bullfrog hits you.
* * * LOW HITPOINT WARNING * * *
Okay, then.
Your crimson imp hits the bullfrog.
The bullfrog hits you!
You die...
Your body crumbles into a pile of gold.

............# ###'####.#
............# ###....###.#
......).....# ###...........
###+#.#...h.# ###...#######...
#.#.#>....######...###♣♣♣♣♣###.
##.#.##[..gh..h.#.###♣♣....♣♣♣##
#....##########55.#♣♣.........♣♣
#..### #F.##♣...........♣ #..#
#@.#♣............♣ #..#
#.##♣............♣ #..#
##.#♣..♣♣♣♣♣♣.._..♣ #..#
###..#..♣#♣♣♣##♣⌠.⌠♣# #..#
#......♣#♣⌠.⌠♣##♣♣♣#♣ #..#
#......#♣.._..♣♣♣♣♣♣. #..#
#......#♣............ #..#
#......#♣............ #..#
#......#♣...........♣


You could see a bullfrog (ally target), a friendly hound (summoned), a friendly
iron imp (summoned) and a friendly crimson imp (summoned).

Vanquished Creatures
  A bullfrog skeleton (D:5)
  2 centaur skeletons (D:5)
  Natasha (D:2)
  A hound zombie (D:6)
  4 adders
  2 white imps (D:5)
  A worm (D:3)
  An adder skeleton (D:5)
  A dart slug (D:4)
  4 leopard geckos
  4 orcs
  2 giant cockroaches (D:5)
  3 goblins
  3 hobgoblins
  4 jackals (D:3)
  A kobold (D:3)
  3 quokkas
  2 ball pythons (D:3)
  4 bats (D:3)
  2 frilled lizards
  A goblin skeleton (D:5)
  2 hobgoblin zombies (D:5)
  A kobold zombie (D:5)
  A quokka skeleton (D:4)
  3 rats
54 creatures vanquished.

Vanquished Creatures (collateral kills)
  Sigmund (D:5)
  3 ogres
  A jelly (D:4)
  An iguana (D:5)
  An orc wizard (D:3)
  5 worker ants
  Robin (D:4)
  9 adders
  2 gnolls
  2 dart slugs (D:1)
  A leopard gecko (D:2)
  5 orcs
  A giant cockroach (D:5)
  12 goblins
  6 hobgoblins
  A ball python (D:1)
  9 bats
  4 frilled lizards
  A goblin zombie (D:5)
  2 hobgoblin zombies (D:5)
  4 kobolds
  An orc zombie (D:5)
  5 rats
78 creatures vanquished.

Grand Total: 132 creatures vanquished

Notes
Turn   | Place    | Note
-------+----------+-------------------------------------------
     0 | D:1      | siradein the Deep Elf Summoner began the quest for the Orb.
     0 | D:1      | Reached XP level 1. HP: 10/10 MP: 6/6
   530 | D:1      | Reached XP level 2. HP: 15/15 MP: 2/8
   611 | D:1      | Learned a level 2 spell: Call Imp
  1237 | D:2      | Reached skill level 5 in Summonings
  1237 | D:2      | Reached XP level 3. HP: 14/19 MP: 5/10
  1764 | D:2      | You fall into a shaft and drop 1 floor!
  2172 | D:3      | Learned a level 3 spell: Call Canine Familiar
  2176 | D:3      | Learned a level 3 spell: Summon Guardian Golem
  2306 | D:3      | Reached XP level 4. HP: 13/24 MP: 9/12
  2996 | D:3      | Reached skill level 5 in Spellcasting
  3947 | D:2      | Noticed Natasha
  3971 | D:2      | Killed Natasha
  3972 | D:2      | Reached XP level 5. HP: 18/28 MP: 11/14
  3977 | D:2      | Learned a level 4 spell: Summon Ice Beast
  5220 | D:4      | Noticed an ogre
  5228 | D:4      | Killed an ogre
  5327 | D:4      | Noticed an ogre
  5349 | D:4      | Killed an ogre
  5350 | D:4      | Reached XP level 6. HP: 32/32 MP: 5/17
  5500 | D:4      | Noticed Robin
  5511 | D:4      | Killed Robin
  5630 | D:4      | Found a snail-covered altar of Cheibriados.
  5632 | D:4      | Found an opulent altar of Gozag.
  5637 | D:4      | Found an ornate altar of the Wu Jian Council.
  5637 | D:4      | Found a stormy altar of Qazlal.
  5637 | D:4      | Found a sacrificial altar of Ru.
  5637 | D:4      | Found a radiant altar of Vehumet.
  5643 | D:4      | Became a worshipper of Gozag Ym Sagoz the Greedy
  6186 | D:5      | Entered Level 5 of the Dungeon
  6698 | D:5      | Noticed Sigmund
  6717 | D:5      | Killed Sigmund
  6772 | D:5      | Found a glowing golden altar of the Shining One.
  7057 | D:5      | Found a white marble altar of Elyvilon.
  7488 | D:5      | Reached XP level 7. HP: 36/36 MP: 16/19
  7553 | D:5      | Found a basalt altar of Yredelemnul.
  8238 | D:5      | Slain by a bullfrog

Illustrated notes

Levels and vault maps discovered:
D:1:      dpeg_arrival_radiant, layout_basic, chequers_serial_rivers_micro_b,
          minmay_misc_feat_five, minmay_misc_feat_diagonals
D:2:      layout_loops_ring, minmay_pentomino_p4, uniq_natasha
D:3:      layout_basic
D:4:      minmay_recursive_quarters, layout_basic, grunt_temple_overflow_open,
          roderic_roman_lattice, kennysheep_generic_room_8, uniq_robin
D:5:      layout_basic, kennysheep_ying_yang, nicolae_tso_besieged_by_evil,
          grunt_ministairs_14, minmay_misc_feat_rugged, uniq_sigmund
D:6:      layout_layer_cave, okawaru_altar_gauntlet_db,
          minmay_temple_entry_statues_pillars, uniq_crazy_yiuf_cottage

Skill      XL: |  1  2  3  4  5  6 |
---------------+-------------------+-----
Spellcasting   | 4 5 6 7 |  7.8
Summonings     | 5 6 7 |  7.5
Dodging        | |  2.4
Stealth        | |  2.4

Action                   |  1- 3 |  4- 6 |  7- 9 || total
-------------------------+-------+-------+-------++-------
Melee: Unarmed           |    15 |       |       ||    15
       Dagger            |    27 |    22 |       ||    49
       Quarterstaff      |       |   110 |    17 ||   127
 Cast: Summon Small Mamm |    23 |       |       ||    23
       Call Imp          |    18 |    23 |     2 ||    43
       Call Canine Famil |       |    16 |     4 ||    20
  Use: Scroll            |     4 |     2 |       ||     6
       Potion            |       |     1 |       ||     1
 Stab: Sleeping          |     2 |     7 |     1 ||    10
       Distracted        |     1 |     1 |       ||     2
Armor: Robe              |    17 |    28 |    11 ||    56
Dodge: Dodged            |    65 |   100 |    19 ||   184

Table legend: (Time is in decaauts)
 A = Elapsed time spent in this place.
 B = Non-inter-level travel time spent in this place.
 C = Inter-level travel time spent in this place.
 D = Time resting spent in this place.
 E = Time spent auto-exploring this place.
 F = Levels seen in this place.
 G = Mean time per level.
                   A        B        C        D        E       F      G
               +--------+--------+--------+--------+--------+-----+--------+
         Total |   8280 |   8034 |    246 |    494 |   5974 |   6 | 1380.0 |
       Dungeon |   8280 |   8034 |    246 |    494 |   5974 |   6 | 1380.0 |
               +--------+--------+--------+--------+--------+-----+--------+

Top non-repeatable levels by time:
     D:5: 2025 daAuts
     D:3: 1821 daAuts
     D:2: 1816 daAuts
     D:4: 1431 daAuts
     D:1: 1137 daAuts
     D:6: 48 daAuts
